 Dungeon Crawl Stone Soup version 0.17.0 (webtiles) character file.

384759 Eucla the Tortoise (level 21, -2/198 HPs)
             Began as a Minotaur Berserker on Nov 10, 2015.
             Was a Priest of Trog.
             Splashed by a yellow draconian's acid (11 damage)
             ... on level 1 of the Realm of Zot.
             The game lasted 01:31:06 (48320 turns).

Eucla the Tortoise (Minotaur Berserker)            Turns: 48320, Time: 01:31:06

Health: -2/198     AC: 23    Str: 19      XL:     21   Next: 62%
Magic:  41/41      EV: 21    Int:  3 (4)  God:    Trog [***...]
Gold:   1939       SH:  0    Dex: 23      Spells: 0 memorised, 25 levels left

rFire  + + .     SeeInvis .     C - +7 battleaxe "Eteeh" {flame, +Fly MP+9}
rCold  + . .     Rnd*Rage +     O - +4 plate armour {rF+}
rNeg   . . .     SustAt   .     (shield currently unavailable)
rPois  .         Gourm    +     b - +0 hat {MR+}
rElec  .         Spirit   .     E - +2 cloak {rF+}
rCorr  .         Warding  .     p - +2 pair of gloves
rMut   .         Stasis   .     P - +2 pair of boots {run}
MR     ++...                    q - amulet of the gourmand
Stlth  ..........               G - ring of protection from cold
                                F - +4 ring of dexterity

@: exhausted, corroded equipment, very slightly contaminated, slowed, invisible,
very slow, very resistant to hostile enchantments, extremely unstealthy
A: retaliatory headbutt, horns 2, molten scales 1, berserk 2, blurry vision 1,
spit poison 1, weak 2, subdued magic 1
a: Spit Poison, Berserk, Trog's Hand, Burn Spellbooks, Renounce Religion, Evoke
Flight
}: 3/15 runes: decaying, serpentine, abyssal


You were on level 1 of the Realm of Zot.
You worshipped Trog.
Trog was most pleased with you.
You were hungry.

You visited 7 branches of the dungeon, and saw 41 of its levels.
You visited the Abyss 1 time.
You also visited: Labyrinth, Ice Cave and Volcano.

You collected 3950 gold pieces.
You spent 2011 gold pieces at shops.

Inventory:

Hand Weapons
 g - a +2 executioner's axe of electrocution
 C - the +7 battleaxe "Eteeh" (weapon) {flame, +Fly MP+9}
   (You found it in an ice cave)

   It has been specially enchanted to burn those struck by it, causing extra
   injury to most foes and up to half again as much damage against particularly
   susceptible opponents.
   Big, fiery blades are also staple armaments of hydra-hunters.
   It affects your magic capacity (+9).
   It lets you fly.
 Y - a +2 executioner's axe of chopping
Armour
 b - a +0 hat of magic resistance (worn)
 p - a +2 pair of gloves (worn)
 E - a +2 cloak of fire resistance (worn)
 O - a +4 plate armour of fire resistance (worn)
 P - a +2 pair of boots of running (worn)
Jewellery
 a - an uncursed ring of fire
 h - an uncursed ring of protection from cold
 q - an amulet of the gourmand (around neck)
 F - a +4 ring of dexterity (left hand)
 G - a ring of protection from cold (right hand)
 Q - a +2 ring of slaying
Wands
 i - a wand of teleportation (1)
 u - a wand of teleportation (0)
 S - a wand of teleportation (7)
 U - a wand of heal wounds (1)
Scrolls
 d - 13 scrolls of identify
 m - 15 scrolls of remove curse
 n - 5 scrolls of enchant weapon
 y - 4 scrolls of teleportation
 D - 3 scrolls of fear
 I - 5 scrolls of fog
 L - 6 scrolls of enchant armour
 M - a scroll of blinking
 T - 2 scrolls of magic mapping
Potions
 e - 2 potions of invisibility
 f - 8 potions of agility
 j - a potion of ambrosia
 l - 3 potions of resistance
 s - 2 potions of cure mutation
 t - 3 potions of cancellation
 w - 2 potions of curing
 B - 3 potions of haste
 H - 3 potions of might
 K - 6 potions of brilliance
 N - 2 potions of berserk rage
 W - 5 potions of flight
Miscellaneous
 X - a plain deck of wonders {the Alchemist}
Comestibles
 c - 18 bread rations
 k - 15 meat rations


   Skills:
 - Level 19.0 Fighting
 - Level 19.2 Axes
 - Level 19.3 Armour
 - Level 19.0 Dodging
 + Level 0.0 Unarmed Combat
 - Level 2.8 Spellcasting
 - Level 17.3 Evocations


You had 25 spell levels left.
You didn't know any spells.

Dungeon Overview and Level Annotations

Branches:
Dungeon (15/15)            Temple (0/1) D:6            Lair (8/8) D:8
  Swamp (4/4) Lair:4        Snake (4/4) Lair:3        Slime (0/6) Lair:6
    Orc (4/4) D:11            Elf (0/3) Orc:4        Vaults (0/5) D:14
 Depths (5/5) D:15            Zot (1/5) Depths:5

Altars:
Dithmenos
Makhleb
Nemelex Xobeh
Vehumet
Beogh

Shops:
D:11 (   D:14 %   Orc:3 !   Orc:4 }[*!   Depths:1 }*

Portals:
Hell: Depths:1 Depths:2 Depths:4 Depths:5
Abyss: Depths:4
Ziggurat: Depths:2
Trove: D:12 (show slimy rune of Zot)


Innate Abilities, Weirdness & Mutations

You reflexively headbutt those who attack you in melee.
You have a pair of horns on your head.
You are partially covered in molten scales (AC +1).
You often lose your temper in combat.
Scrolls take you a little longer to read.
You can spit weak poison.
You are very weak. (Str -4)
Your spells are a little easier to cast, but a little less powerful.


Message History

The yellow draconian spits acid at you.
The splash of acid hits the green draconian.
The green draconian appears unharmed.
The storm dragon breathes lightning at you.
The bolt of lightning hits you!
* * * LOW HITPOINT WARNING * * *
The bolt of lightning hits you!
* * * LOW HITPOINT WARNING * * *
The bolt of lightning hits the storm dragon.
The storm dragon completely resists.
You bump into the rock wall.
You feel less invigorated.
You feel less confused.
The storm dragon roars!
The green draconian misses you.
The green draconian completely misses you.
The storm dragon misses you. The storm dragon completely misses you.
The storm dragon completely misses you. The yellow draconian spits acid at you.
The splash of acid hits you!
The acid burns!
You die...

...........).)..##
#...
.........)..)....#
#..
...:.....)....q..q#
#.
..##+##..).....>...#
...##.).#####q...#
.⌠.'.dd.# ......
..##..d.# ......
###q.####. ....
#@d.d......
#.dD.d......
#............
#.............
####...###.... ##.##
.... ### ..#


You could see a storm dragon, a black draconian, 2 draconians, a green
draconian, a red draconian and a purple draconian shifter.

Vanquished Creatures
  the Lernaean hydra (Swamp:4)
  A golden dragon (Depths:5)
  Jory (Depths:4)
  A lich (Depths:4)
  A hellephant (Abyss:2)
  A sphinx (Depths:2)
  Gastronok (Lair:3)
  8 tentacled starspawn
  2 shadow dragons
  A daeva (Abyss:2)
  6 greater nagas
  3 fire giants
  2 orc warlords (Orc:4)
  4 frost giants
  Maud (Lair:7)
  An iron dragon (Depths:5)
  A draconian scorcher (Depths:5)
  Aizul (Swamp:2)
  A balrug (Abyss:2)
  A draconian zealot (Depths:5)
  2 draconian shifters
  4 very ugly things
  A vampire knight (Depths:4)
  2 green draconians (Depths:5)
  2 draconian callers (Zot:1)
  Nessos (D:15)
  10 stone giants
  2 black draconians
  Azrael (Orc:4)
  A yellow draconian (Zot:1)
  A mottled draconian (Depths:5)
  2 white draconians
  4 ettins
  3 purple draconians
  7 fire dragons
  A green death (Abyss:3)
  A deep elf high priest (Depths:4)
  Josephine (Orc:4)
  4 vault guards
  A great orb of eyes (Depths:2)
  A minotaur (Lab)
  3 entropy weavers
  5 yaktaur captains
  8 ice dragons
  14 naga warriors
  4 rakshasas
  8 centaur warriors
  4 catoblepae
  19 hydras
  Erica (D:8)
  Erolcha (Orc:2)
  2 ogre magi
  13 anacondas
  3 alligators
  A ghost crab (Swamp:4)
  6 tengu warriors
  11 deep troll earth magi
  5 deep troll shamans
  2 vampire magi
  7 hell knights (Depths:4)
  14 death yaks (Lair:7)
  5 thrashing horrors
  4 orc high priests (Orc:4)
  3 naga sharpshooters
  Urug (D:15)
  3 spriggan berserkers
  2 spriggans (Swamp:4)
  Sonja (D:13)
  9 shock serpents
  A soul eater (Depths:2)
  A sun demon (Abyss:2)
  4 skeletal warriors
  3 salamander mystics (Snake:4)
  4 wretched stars (Abyss:2)
  A deep elf knight (D:15)
  20 deep trolls
  3 iron trolls (Depths:5)
  A titan skeleton (Depths:2)
  4 sea snakes
  A spatial maelstrom (Abyss:3)
  2 unseen horrors
  A phantasmal warrior (Depths:3)
  A spriggan druid (Swamp:4)
  A flayed ghost (Depths:5)
  10 naga ritualists
  A shambling mangrove (Swamp:2)
  2 giant orange brains (Depths:5)
  The ghost of Guenter the Chucker, a novice TrHu of Cheibriados (D:6)
  3 lindwurms (Snake:4)
  15 swamp dragons
  9 hill giants
  A wolf spider (Lair:8)
  A manticore (D:13)
  2 griffons
  3 necromancers
  12 orc knights
  12 mana vipers
  39 ugly things
  6 salamanders
  6 orc sorcerers
  48 black mambas
  A shadow dragon skeleton (Abyss:2)
  The ghost of chequers the Basher, a novice OgBe of Trog (D:5)
  3 moths of wrath (Zot:1)
  A frost giant skeleton (Depths:1)
  A molten gargoyle (Depths:1)
  Maurice (Orc:4)
  5 elephants (Lair:8)
  5 smoke demons
  4 gargoyles
  A centaur zombie (D:12)
  2 ice statues (IceCv)
  26 spiny frogs
  13 naga magi
  9 guardian serpents
  A queen bee (Lair:3)
  A demonic crawler (Abyss:3)
  A kobold demonologist (D:14)
  28 yaktaurs
  6 ancient zymes (Abyss:2)
  2 tengu conjurers (D:15)
  8 fire drakes
  10 komodo dragons
  2 red devils (Abyss:2)
  5 catoblepas skeletons (Abyss:3)
  6 trolls
  A jumping spider (shapeshifter) (D:13)
  A polar bear (Lair:6)
  4 giant leeches
  20 slime creatures
  15 raiju
  5 bog bodies
  A shadow dragon simulacrum (Depths:2)
  2 boulder beetles
  15 two-headed ogres
  17 blink frogs
  3 flying skulls (Abyss:2)
  A vampire (D:13)
  5 wyverns
  8 wraiths
  5 redbacks
  A trapdoor spider (Lab)
  2 tarantellas
  A ynoxinul (Abyss:2)
  3 air elementals (Depths:4)
  7 water elementals
  38 yaks
  A fire bat (Volcano)
  2 shadows
  A mottled dragon (shapeshifter) (Depths:5)
  4 neqoxecs
  6 deep elf magi
  9 basilisks
  An elf simulacrum (Depths:2)
  2 centaur simulacra (D:15)
  22 wolves
  4 fire elementals
  A steam dragon (Lair:8)
  29 vampire mosquitoes
  5 mottled dragons
  12 hippogriffs
  5 hungry ghosts
  7 wargs
  A chaos spawn (Abyss:2)
  38 nagas
  24 water moccasins
  2 deep elf fighters (Volcano)
  4 sky beasts
  5 swamp worms
  A soldier ant (D:9)
  12 hell hounds
  47 orc warriors
  14 swamp drakes
  12 porcupines
  8 ice beasts
  The ghost of Eucla the Skirmisher, an amateur MiFi (D:3)
  27 ogres
  11 large abominations
  4 spiders (Lair:8)
  A black bear (D:9)
  A necrophage (D:7)
  6 wasps
  An eye of draining (D:15)
  15 crocodiles
  2 big kobolds (D:14)
  22 centaurs
  10 small abominations
  3 brain worms
  17 giant frogs
  3 wyvern skeletons
  2 earth elementals (Abyss:3)
  7 scorpions
  32 killer bees
  6 electric eels
  9 wights
  A spriggan skeleton (Lab)
  11 crimson imps
  2 quasits
  5 hounds
  9 centaur skeletons
  A giant frog skeleton (D:13)
  3 jellies
  46 orc priests
  13 worker ants
  Jessica (D:2)
  35 orc wizards
  13 iguanas
  2 iron imps
  10 sheep (Lair:7)
  A killer bee zombie (D:8)
  An ogre skeleton (Lab)
  2 hound skeletons
  A hound zombie (D:7)
  3 worker ant zombies (D:9)
  8 gnolls
  34 river rats
  3 shadow imps
  14 adders
  14 white imps
  2 ufetubi
  An ooze (D:5)
  4 worms
  An adder skeleton (D:4)
  4 giant geckos
  215 orcs
  3 ball pythons (Lair:3)
  3 bats
  A bat zombie (D:2)
  8 giant cockroaches
  11 goblins
  A hobgoblin (D:1)
  12 jackals
  3 quokkas
  A giant gecko skeleton (D:5)
  3 giant newts
  8 kobolds
  2 quokka skeletons
  A quokka zombie (D:2)
  7 rats
  A butterfly (Lair:8)
  7 fungi
  A lurking horror (Abyss:2)
  6 plants
  12 starspawn tentacles
  A starspawn tentacle segment (Abyss:2)
1778 creatures vanquished.

Vanquished Creatures (collateral kills)
  A thorn hunter (Swamp:2)
  Roxanne (D:14)
  A greater naga (Snake:4)
  A very ugly thing (Depths:1)
  An ettin (Depths:4)
  2 naga warriors (Snake:4)
  2 spriggan air magi (Depths:4)
  A deep troll shaman (Depths:5)
  2 death yaks (Lair:7)
  A naga sharpshooter (Snake:4)
  A salamander mystic (Snake:4)
  A golden dragon zombie (Depths:2)
  2 naga ritualists
  An iron troll (Depths:5)
  A swamp dragon (Swamp:4)
  A lindwurm (Snake:4)
  3 ugly things (Depths:1)
  A stone giant zombie (Depths:2)
  A salamander (Depths:1)
  A mana viper (Snake:4)
  A salamander (shapeshifter) (Depths:4)
  2 large abominations (Abyss:2)
  A guardian serpent (Abyss:2)
  2 black mambas
  2 naga magi (Snake:4)
  6 yaktaurs
  A spriggan skeleton (Depths:1)
  An ettin zombie (Depths:1)
  A blink frog (Lair:3)
  A spriggan (Swamp:4)
  4 raiju (Abyss:2)
  A small abomination (Abyss:2)
  3 air elementals (Depths:4)
  3 golden eyes (Abyss:2)
  An ettin skeleton (Depths:1)
  2 water moccasins
  A naga (Snake:1)
  A brain worm (Abyss:2)
  A quasit (Abyss:2)
  2 briar patches (Swamp:2)
63 creatures vanquished.

Vanquished Creatures (others)
  A naga mage (Snake:4)
  A bog body (Swamp:4)
  A swamp worm (Swamp:4)
  A swamp drake (Swamp:1)
  A brain worm (Abyss:3)
  A small abomination (Abyss:3)
  An orc (Orc:3)
  A briar patch (Swamp:2)
  A bush (Lair:3)
  14 fungi
  17 plants
  14 starspawn tentacles
  63 starspawn tentacle segments
117 creatures vanquished.

Grand Total: 1958 creatures vanquished

Notes
Turn   | Place    | Note
--------------------------------------------------------------
     0 | D:1      | Eucla the Minotaur Berserker began the quest for the Orb.
     0 | D:1      | Reached XP level 1. HP: 19/19 MP: 0/0
   255 | D:1      | Reached XP level 2. HP: 20/27 MP: 1/1
   346 | D:1      | Reached skill level 4 in Fighting
   755 | D:2      | Noticed Jessica
   763 | D:2      | Killed Jessica
   763 | D:2      | Reached XP level 3. HP: 30/34 MP: 2/2
   993 | D:2      | Reached ** piety under Trog
  1122 | D:2      | Found a shadowy altar of Dithmenos.
  1133 | D:2      | Reached XP level 4. HP: 41/41 MP: 3/3
  1268 | D:3      | Noticed Eucla's ghost (amateur MiFi)
  1280 | D:3      | Killed Eucla's ghost
  1280 | D:3      | Reached skill level 5 in Fighting
  1280 | D:3      | Reached XP level 5. HP: 44/48 MP: 4/4
  2193 | D:4      | Reached skill level 5 in Axes
  2193 | D:4      | Reached XP level 6. HP: 40/56 MP: 5/5
  3125 | D:5      | Entered Level 5 of the Dungeon
  3141 | D:5      | Reached skill level 5 in Armour
  3186 | D:5      | Reached XP level 7. HP: 41/62 MP: 6/6
  3239 | D:5      | Noticed chequers's ghost (novice OgBe)
  3253 | D:5      | Killed chequers's ghost
  3253 | D:5      | Reached skill level 6 in Fighting
  3253 | D:5      | Reached skill level 5 in Dodging
  3574 | D:5      | Reached XP level 8. HP: 56/71 MP: 7/7
  3616 | D:5      | Reached skill level 7 in Fighting
  3833 | D:6      | Found a burning altar of Makhleb.
  3838 | D:6      | Reached *** piety under Trog
  4008 | D:6      | Noticed Guenter's ghost (novice TrHu)
  4021 | D:6      | Killed Guenter's ghost
  4021 | D:6      | Reached skill level 8 in Fighting
  4096 | D:6      | Reached XP level 9. HP: 81/81 MP: 8/8
  4302 | D:6      | Found a staircase to the Ecumenical Temple.
  4656 | D:7      | Reached **** piety under Trog
  4762 | D:7      | Found a burning altar of Makhleb.
  4770 | D:7      | Reached skill level 9 in Fighting
  5045 | D:8      | Noticed Erica
  5056 | D:8      | Killed Erica
  5251 | D:8      | Reached XP level 10. HP: 89/92 MP: 9/9
  5482 | D:8      | Found a staircase to the Lair.
  5832 | Lair:1   | Entered Level 1 of the Lair of Beasts
  5869 | Lair:1   | Reached skill level 10 in Fighting
  5876 | Lair:1   | Received a gift from Trog
  6094 | Lair:2   | Reached skill level 10 in Axes
  6117 | Lair:2   | Noticed a black mamba
  6128 | Lair:2   | Killed a black mamba
  6128 | Lair:2   | Reached skill level 10 in Armour
  6199 | Lair:2   | Found a dark tunnel.
  6210 | Volcano  | Entered a volcano
  6532 | Lair:3   | Noticed Gastronok
  6551 | Lair:3   | Killed Gastronok
  6551 | Lair:3   | Reached ***** piety under Trog
  6551 | Lair:3   | Reached skill level 11 in Fighting
  6551 | Lair:3   | Reached skill level 10 in Dodging
  6551 | Lair:3   | Reached XP level 11. HP: 63/102 MP: 10/10
  6576 | Lair:3   | Noticed a black mamba
  6586 | Lair:3   | Noticed a black mamba
  6644 | Lair:3   | Killed a black mamba
  6709 | Lair:3   | Killed a black mamba
  6905 | Lair:3   | Noticed a black mamba
  6931 | Lair:3   | HP: 5/102 [porcupine's spines (15)]
  6931 | Lair:3   | Killed a black mamba
  6983 | Lair:3   | Noticed a black mamba
  6990 | Lair:3   | Noticed a black mamba
  6990 | Lair:3   | Killed a black mamba
  7004 | Lair:3   | Killed a black mamba
  7018 | Lair:3   | Noticed a black mamba
  7030 | Lair:3   | Killed a black mamba
  7604 | Lair:6   | Reached skill level 12 in Fighting
  7640 | Lair:7   | Noticed a six-headed hydra
  7657 | Lair:7   | Noticed a death yak
  7659 | Lair:7   | Noticed a death yak
  7661 | Lair:7   | Noticed a death yak
  7666 | Lair:7   | Noticed a death yak
  7712 | Lair:8   | Entered Level 8 of the Lair of Beasts
  8094 | Lair:6   | Noticed a catoblepas
  8107 | Lair:6   | Killed a catoblepas
  8229 | Lair:3   | Reached XP level 12. HP: 112/112 MP: 11/11
  8255 | Lair:3   | Noticed a black mamba
  8268 | Lair:3   | Killed a black mamba
  8762 | Lair:1   | Noticed a black mamba
  8773 | Lair:1   | Killed a black mamba
  9091 | Lair:2   | Noticed a four-headed hydra
  9098 | Lair:2   | Killed a one-headed hydra
  9212 | Lair:2   | Reached skill level 13 in Fighting
  9426 | Lair:2   | Noticed a black mamba
  9438 | Lair:2   | Killed a black mamba
  9705 | Lair:3   | Noticed a black mamba
  9715 | Lair:3   | Killed a black mamba
  9731 | Lair:3   | Found a staircase to the Snake Pit.
  9873 | Lair:3   | Received a gift from Trog
 11003 | Lair:4   | Found a staircase to the Swamp.
 11212 | Lair:4   | Noticed a lindwurm
 11213 | Lair:4   | Noticed a lindwurm
 11214 | Lair:4   | Noticed a lindwurm
 11283 | Lair:4   | Noticed a lindwurm
 11533 | Lair:5   | Identified a scroll of acquirement
 11547 | Lair:5   | Identified a +1 pair of boots of running (You acquired it on level 5 of the Lair of Beasts)
 11755 | Lair:5   | Noticed a six-headed hydra
 11766 | Lair:5   | Killed a two-headed hydra
 11766 | Lair:5   | Reached XP level 13. HP: 118/122 MP: 3/12
 12206 | Lair:6   | Found a staircase to the Slime Pits.
 13035 | Lair:7   | Killed a death yak
 13038 | Lair:7   | Killed a death yak
 13039 | Lair:7   | Killed a death yak
 13198 | Lair:7   | Noticed a death yak
 13200 | Lair:7   | Noticed a death yak
 13201 | Lair:7   | Noticed a death yak
 13202 | Lair:7   | Noticed a death yak
 13202 | Lair:7   | Noticed a death yak
 13204 | Lair:7   | Noticed a death yak
 13215 | Lair:7   | Killed a death yak
 13222 | Lair:7   | Killed a death yak
 13222 | Lair:7   | Reached skill level 14 in Fighting
 13233 | Lair:7   | Killed a death yak
 13240 | Lair:7   | Killed a death yak
 13250 | Lair:7   | Killed a death yak
 13253 | Lair:7   | Killed a death yak
 13278 | Lair:7   | Killed a death yak
 13438 | Lair:7   | Killed a six-headed hydra
 13524 | Lair:7   | Noticed Maud
 13537 | Lair:7   | Killed Maud
 13632 | Lair:7   | Noticed a death yak
 13633 | Lair:7   | Noticed a death yak
 13633 | Lair:7   | Noticed a death yak
 13633 | Lair:7   | Noticed a death yak
 13634 | Lair:7   | Noticed a death yak
 13640 | Lair:7   | Noticed a death yak
 13645 | Lair:7   | Killed a death yak
 13648 | Lair:7   | Killed a death yak
 13652 | Lair:7   | Killed a death yak
 13657 | Lair:7   | Killed a death yak
 13660 | Lair:7   | Killed a death yak
 13662 | Lair:7   | Killed a death yak
 13662 | Lair:7   | Reached XP level 14. HP: 133/133 MP: 4/13
 13668 | Lair:7   | Received a gift from Trog
 14608 | Lair:8   | Reached skill level 15 in Fighting
 14678 | Lair:8   | Noticed a catoblepas
 14693 | Lair:8   | Killed a catoblepas
 14717 | Lair:8   | Reached skill level 15 in Armour
 15257 | Lair:8   | Paralysed by a wasp for 3 turns
 15264 | Lair:8   | Received a gift from Trog
 15489 | Lair:8   | Reached skill level 15 in Axes
 15605 | Lair:8   | Noticed a fire dragon
 15620 | Lair:8   | Killed a fire dragon
 15967 | Lair:4   | Gained mutation: You tend to lose your temper in combat. [potion of mutation]
 15967 | Lair:4   | Gained mutation: You can spit weak poison. [potion of mutation]
 15967 | Lair:4   | Gained mutation: You are partially covered in molten scales (AC +1). [potion of mutation]
 16646 | D:10     | Entered Level 10 of the Dungeon
 16796 | D:10     | Reached ****** piety under Trog
 17387 | D:11     | Found Aganwuh's Antique Weapon Shoppe.
 17388 | D:11     | Found a labyrinth entrance.
 17427 | Lab      | Entered a labyrinth
 17861 | Lab      | Got a bloodstained battleaxe {chop}
 17868 | Lab      | Got a pair of faintly glowing gloves
 18030 | Lab      | Identified the +6 battleaxe of a treasure trove {chop, Str+2} (You took it off a minotaur in a labyrinth)
 18031 | Lab      | Identified the +4 pair of gloves of the Game of Life {Str+5 Slay-4} (You found it in a labyrinth)
 18049 | Lab      | Reached skill level 16 in Axes
 18049 | Lab      | Reached XP level 15. HP: 143/143 MP: 14/14
 18331 | D:11     | Found a staircase to the Orcish Mines.
 18888 | Orc:1    | Entered Level 1 of the Orcish Mines
 18892 | Orc:1    | You fall through a shaft!
 18948 | Orc:2    | Noticed Erolcha
 18958 | Orc:2    | Killed Erolcha
 19136 | Orc:2    | Reached XP level 16. HP: 144/151 MP: 15/15
 19137 | Orc:2    | Received a gift from Trog
 19169 | Orc:2    | Found a roughly hewn altar of Beogh.
 19523 | Orc:3    | Found Misesk's Distillery.
 19541 | Orc:3    | Bought a potion of agility for 56 gold pieces
 19541 | Orc:3    | Bought a potion of curing for 42 gold pieces
 19541 | Orc:3    | Bought a potion of resistance for 140 gold pieces
 19541 | Orc:3    | Bought a potion of agility for 56 gold pieces
 19541 | Orc:3    | Bought a potion of curing for 42 gold pieces
 19541 | Orc:3    | Bought a potion of agility for 56 gold pieces
 19541 | Orc:3    | Bought a potion of ambrosia for 112 gold pieces
 19541 | Orc:3    | Bought a potion of curing for 42 gold pieces
 19817 | Orc:3    | Got a crude hat
 19848 | Orc:3    | Identified the +1 hat "Saridwol" {Int+4} (You found it on level 3 of the Orcish Mines)
 20035 | Orc:4    | Entered Level 4 of the Orcish Mines
 20101 | Orc:4    | Received a gift from Trog
 20316 | Orc:4    | Noticed Maurice
 20376 | Orc:4    | Noticed Azrael
 20384 | Orc:4    | Killed Azrael
 20516 | Orc:4    | Found a roughly hewn altar of Beogh.
 20593 | Orc:4    | Found Cekyur's Gadget Boutique.
 20612 | Orc:4    | Found Hufyfani's Armour Shop.
 20793 | Orc:4    | Received a gift from Trog
 20822 | Orc:4    | Noticed Josephine
 20831 | Orc:4    | Killed Josephine
 20965 | Orc:4    | Found a staircase to the Elven Halls.
 21086 | Orc:4    | Reached skill level 17 in Axes
 21450 | Orc:4    | Received a gift from Trog
 21513 | Orc:4    | Found Astinump's Distillery.
 21560 | Orc:4    | Bought a potion of curing for 36 gold pieces
 21560 | Orc:4    | Bought a potion of heal wounds for 60 gold pieces
 21560 | Orc:4    | Bought a potion of cancellation for 96 gold pieces
 21560 | Orc:4    | Bought a potion of curing for 36 gold pieces
 21560 | Orc:4    | Bought a potion of cancellation for 96 gold pieces
 21560 | Orc:4    | Bought a potion of curing for 36 gold pieces
 21560 | Orc:4    | Bought a potion of might for 48 gold pieces
 21573 | Orc:4    | Found a roughly hewn altar of Beogh.
 21597 | Orc:4    | Found Jenu's Assorted Antiques.
 21620 | Orc:4    | Bought a potion of heal wounds for 145 gold pieces
 21620 | Orc:4    | Bought a scroll of identify for 58 gold pieces
 22167 | Orc:4    | Killed Maurice
 22167 | Orc:4    | Reached skill level 15 in Dodging
 22316 | Orc:1    | Received a gift from Trog
 22509 | Orc:1    | Found a roughly hewn altar of Beogh.
 22780 | D:12     | Found a frozen archway.
 22784 | D:12     | Found a radiant altar of Vehumet.
 22812 | IceCv    | Entered an ice cave
 22871 | IceCv    | Got a slimy battleaxe
 22872 | IceCv    | Identified the +7 battleaxe "Eteeh" {flame, +Fly MP+9} (You found it in an ice cave)
 23693 | D:12     | Found a portal to a secret trove of treasure.
 23720 | D:13     | Noticed Sonja
 23738 | D:13     | Killed Sonja
 23738 | D:13     | Received a gift from Trog
 24461 | D:14     | Noticed Roxanne
 24464 | D:14     | Found Ysae's Food Shoppe.
 24495 | D:14     | Killed Roxanne
 25071 | D:14     | Found a gate to the Vaults.
 25167 | D:14     | Received a gift from Trog
 25647 | D:15     | Entered Level 15 of the Dungeon
 25811 | D:15     | Reached XP level 17. HP: 159/161 MP: 16/16
 25823 | D:15     | Noticed Urug
 25826 | D:15     | Noticed Nessos
 25833 | D:15     | Killed Urug
 25854 | D:15     | Killed Nessos
 25919 | D:15     | Paralysed by an orc sorcerer for 3 turns
 25949 | D:15     | Found a staircase to the Depths.
 25974 | D:15     | Received a gift from Trog
 26060 | D:15     | Reached skill level 18 in Axes
 27078 | Swamp:1  | Entered Level 1 of the Swamp
 28795 | Swamp:2  | Noticed Aizul
 28805 | Swamp:2  | Killed Aizul
 29007 | Swamp:2  | Found a sparkling altar of Nemelex Xobeh.
 29355 | Swamp:4  | Entered Level 4 of the Swamp
 29829 | Swamp:4  | Received a gift from Trog
 30106 | Swamp:4  | Noticed the 27-headed Lernaean hydra
 30122 | Swamp:4  | Killed the 22-headed Lernaean hydra
 30708 | Swamp:4  | Got a decaying rune of Zot
 30942 | Snake:1  | Entered Level 1 of the Snake Pit
 31264 | Snake:1  | Reached XP level 18. HP: 107/172 MP: 17/17
 31858 | Snake:1  | Reached skill level 19 in Axes
 31863 | Snake:1  | Received a gift from Trog
 34909 | Snake:4  | Entered Level 4 of the Snake Pit
 35425 | Snake:4  | Received a gift from Trog
 36345 | Snake:4  | Received a gift from Trog
 36364 | Snake:4  | Reached XP level 19. HP: 66/182 MP: 18/18
 36390 | Snake:4  | Got a brightly glowing battleaxe {god gift}
 36391 | Snake:4  | Identified the +5 battleaxe of Aqocix {flame, Int+4} (Trog gifted it to you on level 4 of the Snake Pit)
 36406 | Snake:4  | Got a serpentine rune of Zot
 36925 | Snake:4  | Reached skill level 1 in Evocations
 37411 | Depths:1 | Entered Level 1 of the Depths
 38045 | Depths:1 | Reached skill level 5 in Evocations
 38075 | Depths:1 | Found Kaoreug's Gadget Shoppe.
 38296 | Depths:1 | Bought a plain deck of wonders for 224 gold pieces
 38306 | Depths:1 | Found a gateway to Hell.
 38332 | Depths:1 | Received a gift from Trog
 39211 | Depths:1 | Found Luufy's Assorted Antiques.
 39219 | Depths:1 | Bought a bloodstained scale mail for 378 gold pieces
 39219 | Depths:1 | Bought a scroll labeled RIMOTHRUC KUMO for 42 gold pieces
 39219 | Depths:1 | Bought a potion of heal wounds for 210 gold pieces
 39258 | Depths:1 | Identified the +3 scale mail "Fiuwkidwur" {Str+3 Dex+3} (You bought it in a shop on level 1 of the Depths)
 39529 | Depths:2 | Found a gateway to a ziggurat.
 39863 | Depths:2 | Reached skill level 10 in Evocations
 39921 | Depths:2 | Received a gift from Trog
 40673 | Depths:2 | Reached XP level 20. HP: 179/191 MP: 27/27
 41859 | Depths:4 | Found a sparkling altar of Nemelex Xobeh.
 42421 | Depths:4 | Received a gift from Trog
 43110 | Depths:4 | Found a one-way gate to the infinite horrors of the Abyss.
 43299 | Depths:4 | Noticed Jory
 43315 | Depths:4 | Killed Jory
 43732 | Depths:5 | Entered Level 5 of the Depths
 44074 | Depths:5 | Found a gate to the Realm of Zot.
 45180 | Depths:5 | Reached skill level 15 in Evocations
 45523 | Depths:5 | Received a gift from Trog
 45552 | Depths:5 | Noticed a golden dragon
 45561 | Depths:5 | Killed a golden dragon
 46025 | Depths:4 | Voluntarily entered the Abyss.
 46025 | Abyss:1  | Found a corrupted altar of Lugonu.
 46104 | Abyss:1  | Gained mutation: You are weak. (Str -2) [a neqoxec]
 46413 | Abyss:2  | Reached XP level 21. HP: 198/198 MP: 31/31
 46492 | Abyss:2  | Found a bloodstained altar of Trog.
 47412 | Abyss:2  | Gained mutation: You often lose your temper in combat. [a neqoxec]
 47456 | Abyss:2  | Gained mutation: Your spells are a little easier to cast, but a little less powerful. [a neqoxec]
 47458 | Abyss:2  | Gained mutation: You are very weak. (Str -4) [a neqoxec]
 47466 | Abyss:2  | Gained mutation: Scrolls take you a little longer to read. [a neqoxec]
 47510 | Abyss:2  | Lost intelligence.
 47558 | Abyss:2  | Found a viscous altar of Jiyva.
 47582 | Abyss:2  | Lost intelligence.
 47720 | Abyss:3  | Received a gift from Trog
 47876 | Abyss:3  | Got an abyssal rune of Zot
 48217 | Depths:4 | Escaped the Abyss
 48262 | Zot:1    | Entered Level 1 of the Realm of Zot
 48280 | Zot:1    | Reached skill level 1 in Spellcasting
 48319 | Zot:1    | HP: 3/198 [storm dragon/bolt of lightning (39)]
 48320 | Zot:1    | Splashed by a yellow draconian's acid

Action                   |  1- 3 |  4- 6 |  7- 9 | 10-12 | 13-15 | 16-18 | 19-21 || total
-------------------------+-------+-------+-------+-------+-------+-------+-------++-------
Melee: Hand axe          |    66 |   120 |   175 |   454 |       |       |       ||   815
       War axe           |       |       |       |    67 |   384 |       |       ||   451
       Broad axe         |       |       |       |    13 |    20 |       |       ||    33
       Executioner's axe |       |       |       |       |   199 |       |       ||   199
       Battleaxe         |       |       |       |       |    51 |  1500 |  1261 ||  2812
Invok: Berserk           |     1 |     2 |     4 |     6 |     7 |     4 |     3 ||    27
       Trog's Hand       |       |       |     1 |     8 |     2 |     2 |     3 ||    16
       Burn Spellbooks   |       |       |     1 |       |     2 |     1 |       ||     4
       Brothers in Arms  |       |       |       |     5 |     1 |     9 |    11 ||    26
Evoke: Wand              |       |       |       |     6 |     1 |     8 |    21 ||    36
  Use: Potion            |       |       |     3 |     3 |     4 |    14 |    16 ||    40
       Scroll            |       |       |    16 |    17 |    12 |     5 |    11 ||    61
 Stab: Sleeping          |       |       |       |     1 |       |       |       ||     1
       Distracted        |       |       |       |       |       |     1 |     1 ||     2
  Eat: Chunk             |       |    21 |    11 |    16 |    24 |       |    12 ||    84
       Beef jerky        |       |       |       |     3 |     3 |     1 |     1 ||     8
       Royal jelly       |       |       |       |     1 |     6 |    16 |       ||    23
       Fruit             |       |       |       |       |       |    32 |       ||    32
       Pizza             |       |       |       |       |       |     2 |       ||     2
       Bread ration      |       |       |       |       |       |     2 |     6 ||     8
       Meat ration       |       |       |       |       |       |     1 |     2 ||     3
